 Dungeon Crawl Stone Soup version 0.19-a0-1933-g052ff51 (webtiles) character file.

40 Jorund the Charmwright (level 3, -36/27 HPs)
             Began as a Demonspawn Skald on Oct 26, 2016.
             Killed from afar by a ball python (38 damage)
             ... with an exploding inner flame
             ... hexed by the player character
             ... on level 2 of the Dungeon.
             The game lasted 00:02:13 (809 turns).

Jorund the Charmwright (Demonspawn Skald)            Turns: 809, Time: 00:02:13

Health: -36/27     AC:  5    Str: 12    XL:     3   Next: 30%
Magic:  6/6        EV: 11    Int: 14    God:
Gold:   50         SH:  0    Dex: 12    Spells: 1 memorised, 5 levels left

rFire  . . .     SeeInvis .     a - +0 hand axe
rCold  . . .     Gourm    .     b - +0 leather armour
rNeg   . . .     Faith    .     (no shield)
rPois  .         Spirit   .     f - +0 helmet
rElec  .         Reflect  .     e - +0 cloak
rCorr  .         Harm     .     (no gloves)
MR     .....                    (no boots)
Stlth  +.........               (no amulet)
                                (no ring)
                                (no ring)

@: very slightly contaminated, hasted, very quick
A: demonic guardian 1
a: no special abilities


You were on level 2 of the Dungeon.
You were not hungry.

You visited 1 branch of the dungeon, and saw 2 of its levels.

You collected 50 gold pieces.

Inventory:

Hand Weapons
 a - a +0 hand axe (weapon)
Armour
 b - a +0 leather armour (worn)
 e - a +0 cloak (worn)
 f - a +0 helmet (worn)
Scrolls
 j - 2 scrolls of identify
Books
 c - a book of Battle

   Spells                             Type                      Level
   a - Infusion                       Charms                       1
   b - Shroud of Golubria             Charms/Translocation         2
   c - Song of Slaying                Charms                       2
   d - Spectral Weapon                Hexes/Charms                 3
   e - Regeneration                   Charms/Necromancy            3
Comestibles
 d - 2 bread rations


   Skills:
 - Level 2.0 Fighting
 * Level 2.8 Axes
 - Level 0.8 Armour
 - Level 0.8 Dodging
 + Level 2.1 Spellcasting
 + Level 3.1 Charms


You had 5 spell levels left.
You knew the following spells:

 Your Spells              Type           Power        Failure   Level  Hunger
a - Infusion              Chrm           ##..         10%         1    #......


Dungeon Overview and Level Annotations

Branches:
Dungeon (2/15)

Altars:
Cheibriados

Annotations:
D:2 Sigmund


Innate Abilities, Weirdness & Mutations

A weak demonic guardian rushes to your aid.


Message History

The frilled lizard barely misses your iron imp.
Something hits your iron imp. The bat hits you but does no damage.
The bat barely misses you. The bat hits you but does no damage.
The frilled lizard bites your iron imp but does no damage.
As you read the scroll labeled ZYQ LUNOZXUETS, it crumbles to dust.
It is a scroll of identify.
i - a scroll of immolation The bat closely misses you.
As you read the scroll of immolation, it crumbles to dust.
The creatures around you are filled with an inner flame!
The bat barely misses you.
You closely miss the ball python. You barely miss the bat.
The bat closely misses you.
You hit the ball python.
The ball python explodes!
The fiery explosion engulfs you!
Ouch! That really hurt!
You die...

#.# #.# ### #.#
..# ##'## #.#
##...## ####.#
##.....##
##b##.###.......#
##§..#.##...@...$.
#@§§.5lg'gg.......
##§..#.##g.....!.[
##.##.###.......#
####.# ##.....##
..# ##...## ###
##+##


You could see a hobgoblin, a bat (inner flame), a frilled lizard (inner flame)
and a friendly iron imp.

Vanquished Creatures
  2 adders (D:2)
  A dart slug (D:2)
  A leopard gecko (D:2)
  2 giant cockroaches (D:1)
  2 goblins
  2 hobgoblins (D:1)
  3 bats
  5 kobolds
  3 rats
21 creatures vanquished.

Notes
Turn   | Place    | Note
-------+----------+-------------------------------------------
     0 | D:1      | Jorund the Demonspawn Skald began the quest for the Orb.
     0 | D:1      | Reached XP level 1. HP: 16/16 MP: 3/3
   172 | D:1      | Gained mutation: A weak demonic guardian rushes to your aid. [demonic ancestry]
   172 | D:1      | Reached XP level 2. HP: 21/22 MP: 3/5
   217 | D:1      | Reached skill level 3 in Charms
   550 | D:2      | Found a snail-covered altar of Cheibriados.
   614 | D:2      | Reached XP level 3. HP: 23/27 MP: 6/6
   708 | D:2      | Noticed Sigmund
   795 | D:2      | HP: 1/27 [poisoned by an adder]
   809 | D:2      | Killed from afar by a ball python

Vault maps used:
D:1:      dpeg_arrival_water_temple_mockup
D:2:      lemuel_upstairs_altar, cheibriados_altar_1,
          nicolae_gozag_seed_capital, first_bread, uniq_sigmund

Skill      XL: |  1  2 |
---------------+-------+-----
Axes           | 2 |  2.8
Charms         | 3 |  3.1
Fighting       | |  2.0
Armour         | |  0.8
Dodging        | |  0.8
Spellcasting   | |  2.1

Action                   || total
-------------------------++-------
Melee: Hand axe          ||    55
 Cast: Infusion          ||     5
  Use: Potion            ||     3
       Scroll            ||     2
Armor: Leather armour    ||    32
Dodge: Dodged            ||    37
